 Dungeon Crawl Stone Soup version 0.29.1-4-g47bece8355 (webtiles) character file.

Game seed: 8113806063646452604

4 ChadusMaximus the Caller (level 1, 0/10 HPs)
             Began as a Deep Elf Summoner on Dec 4, 2022.
             Frozen to death by an endoplasm (4 damage)
             ... on level 1 of the Dungeon.
             The game lasted 00:00:46 (399 turns).

ChadusMaximus the Caller (Deep Elf Summoner)         Turns: 399, Time: 00:00:46

Health: 0/10       AC:  2    Str:  5    XL:     1   Next: 50%
Magic:  5/6        EV: 12    Int: 19    God:
Gold:   13         SH:  0    Dex: 15    Spells: 5/6 levels left

rFire   . . .      SeeInvis .   (no weapon)
rCold   . . .      Faith    .   (no shield)
rNeg    . . .      Spirit   .   a - +0 robe
rPois   .          Reflect  .   (no helmet)
rElec   .          Harm     .   (no cloak)
rCorr   .          Rampage  .   (no gloves)
Will    .....                   (no boots)
Stlth   ++........              (no amulet)
HPRegen 0.03/turn               (no ring)
MPRegen 0.10/turn               (no ring)

@: no status effects
A: no striking features
a: no special abilities


You were on level 1 of the Dungeon.
You visited 1 branch of the dungeon, and saw 1 of its levels.

You collected 13 gold pieces.

Inventory:

Armour
 a - a +0 robe (worn)
Scrolls
 d - a scroll of poison {unknown}
Potions
 b - a potion of magic
 c - a potion of lignification {unknown}
 e - a potion of mutation {unknown}


   Skills:
 - Level 2.4 Dodging
 - Level 2.4 Stealth
 + Level 3.2 Spellcasting
 + Level 4.5 Summonings


You had 5 spell levels left.
You knew the following spells:

 Your Spells              Type           Power      Damage    Failure   Level
a - Summon Small Mammal   Summ           80%        N/A       2%          1

Your spell library contained the following spells:

 Spells                   Type           Power      Damage    Failure   Level
 Call Imp                 Summ           20%        N/A       3%          2
 Call Canine Familiar     Summ           20%        N/A       7%          3
 Summon Guardian Golem    Hex/Summ       11%        N/A       19%         3
 Summon Lightning Spire   Summ/Air       11%        N/A       52%         4


Dungeon Overview and Level Annotations

Branches:
Dungeon (1/15)

Altars:


Message History

Unknown command.
Found 4 stones.
Things that are here:
a +0 whip; 4 stones; a kobold corpse Your bat disappears in a puff of smoke!
Your bat disappears in a puff of smoke!
d - a scroll labelled BIQ ERITEW MOH
Found an escape hatch in the floor.
There is an escape hatch in the floor here.
e - a purple potion You open the door.
An endoplasm comes into view.
The endoplasm quivers.
Found a stone staircase leading down.
An endoplasm is nearby!
Casting: Summon Small Mammal (safe; 2% risk of failure)
Confirm with . or Enter, or press ? or * to list all spells.
Casting: Summon Small Mammal (safe; 2% risk of failure)
Confirm with . or Enter, or press ? or * to list all spells.
Your rat barely misses the endoplasm.
The endoplasm closely misses your rat.
Your rat bites the endoplasm.
The endoplasm barely misses your rat.
The endoplasm hits your rat but does no damage.
Your rat bites the endoplasm.
The endoplasm hits your rat.
Your rat bites the endoplasm but does no damage.
The endoplasm hits your rat.
Your rat dies!
Your rat's corpse disappears in a puff of smoke!
An endoplasm is nearby!
An endoplasm is nearby!
An endoplasm is nearby!
The endoplasm hits you.
There is an open door here.
The endoplasm freezes you.
You are frozen.
* * * LOW HITPOINT WARNING * * *
Your quokka barely misses the endoplasm.
The endoplasm freezes you.
You are frozen.
You die...

#.......# #+# #.# #.#)###.#
##...## ###.# #.#.## #
##.....## #...#
#....##.###.......## ##>###
###.....#.##.........####...##
...........+.........+.......#
#####...####.........####...##
##..# #.......# ##.## ##.#
#..@>.# #.# #.# ##..J## #.####
#.# ##r## #....# #)#### #.#
####.# #.##.## #.#
##########.#
#.#...####.###.......^..#
#......##...##..######..#
###...##.....#..######..#
##....................#


You could see an endoplasm (ally target) and a friendly quokka (summoned).

Vanquished Creatures (collateral kills)
  A giant cockroach (D:1)
  2 kobolds (D:1)
3 creatures vanquished.

Notes
Turn   | Place    | Note
-------+----------+-------------------------------------------
     0 | D:1      | ChadusMaximus the Deep Elf Summoner began the quest for the
                  | Orb.
     0 | D:1      | Reached XP level 1. HP: 10/10 MP: 6/6
   399 | D:1      | Frozen to death by an endoplasm

Illustrated notes

Levels and vault maps discovered:
D:1:      dpeg_arrival_radiant, layout_loops_corners,
          shapermc_ecumenical_altar_petra, minmay_small_reverse_x

Action                   || total
-------------------------++-------
 Cast: Summon Small Mamm ||     8
Dodge: Dodged            ||    10
